[Event "January 9 Late 2024"]
[Site "https://www.chess.com"]
[Date "2024.01.09"]
[Round "6"]
[White "Smiech, Sara"]
[Black "Filipovic, Slobodan J"]
[Result "0-1"]
[Board "133"]
[TimeControl "180+1"]
[WhiteFideId "91102863"]
[BlackFideId "939633"]
[WhiteElo "2527"]
[BlackElo "2348"]
[WhiteTeam "POL"]
[BlackTeam "SRB"]
[WhiteClock "0:00:03"]
[BlackClock "0:00:09"]

1. e4 c5 2. Nf3 Nc6 3. d4 cxd4 4. Nxd4 e5 5. Nb5 d6 6. N1c3 a6 7. Na3 b5 8. Nd5 Nge7 9. c4 Nd4 10. Nc2 Nxd5 11. cxd5 Bg4 12. Qd3 Nxc2+ 13. Qxc2 Rc8 14. Qd3 Be7 15. Be2 Bd7 16. O-O O-O 17. Bd2 f5 18. f3 Bg5 19. Rac1 fxe4 20. fxe4 Rxc1 21. Rxc1 Qb6+ 22. Kh1 Bxd2 23. Qxd2 Qf2 24. Qd3 Qb6 25. Rf1 Rxf1+ 26. Bxf1 h6 27. h3 Qf2 28. Qe2 Qd4 29. Qc2 Kh7 30. Qe2 Be8 31. Qc2 Bg6 32. Bd3 Qe3 33. a3 h5 34. b4 h4 35. Qb1 Kh6 36. Qc2 Kg5 37. Qd1 Bh5 38. Qf1 Qf4 39. Qe1 Qg3 40. Qd2+ Qf4 41. Qc2 Bg6 42. Qe2 Qg3 43. Qd2+ Qf4 44. Qc2 Qe3 45. Qb1 Kf4 46. Qf1+ Kg3 47. Be2 Qf2 48. Qxf2+ Kxf2 49. Bd3 Ke3 50. Bf1 Bxe4 51. a4 bxa4 52. Bxa6 a3 53. Bc4 Kd4 54. Ba2 Bxd5 55. Bb1 a2 56. Bxa2 Bxa2 57. g3 Bd5+ 58. Kg1 hxg3 0-1

[Event "January 9 Late 2024"]
[Site "https://www.chess.com"]
[Date "2024.01.09"]
[Round "6"]
[White "Urbina Perez, Juan Antonio"]
[Black "Mesa Cruz, Juan Carlos"]
[Result "1-0"]
[Board "135"]
[TimeControl "180+1"]
[WhiteFideId "2217368"]
[BlackFideId "6423400"]
[WhiteElo "2520"]
[BlackElo "2344"]
[WhiteTeam "ESP"]
[BlackTeam "DOM"]
[WhiteClock "0:00:40"]
[BlackClock "0:00:00"]

1. d4 Nf6 2. c4 e6 3. Nf3 d5 4. g3 Be7 5. Bg2 O-O 6. O-O dxc4 7. Qc2 a6 8. a4 Bd7 9. Qxc4 Bc6 10. Bg5 Bd5 11. Qc2 Be4 12. Qc1 Nc6 13. Rd1 Bxf3 14. exf3 Nxd4 15. Nc3 h6 16. Be3 e5 17. f4 c5 18. fxe5 Ng4 19. Bxd4 cxd4 20. Qf4 Qc8 21. Rxd4 h5 22. Rc4 Qd8 23. Rd1 Qe8 24. h3 Nh6 25. Bxb7 Rb8 26. Bc6 Qc8 27. Nd5 Bd8 28. Bd7 Qb7 29. Nf6+ Kh8 30. Nxh5 Qxb2 31. Nxg7 Kxg7 32. Rc6 f6 33. exf6+ 1-0

[Event "January 9 Late 2024"]
[Site "https://www.chess.com"]
[Date "2024.01.09"]
[Round "6"]
[White "Korol, Dimitry"]
[Black "Play, Gilles"]
[Result "0-1"]
[Board "136"]
[TimeControl "180+1"]
[WhiteFideId "14108003"]
[BlackFideId "45130892"]
[WhiteElo "2341"]
[BlackElo "2519"]
[WhiteTeam "UKR"]
[BlackTeam "FRA"]
[WhiteClock "0:00:00"]
[BlackClock "0:00:10"]

1. d4 Nf6 2. c4 e5 3. dxe5 Ng4 4. Bf4 Nc6 5. Nf3 Bb4+ 6. Nbd2 Qe7 7. e3 Ngxe5 8. Nxe5 Nxe5 9. Be2 O-O 10. O-O a5 11. Nb3 a4 12. a3 Ba5 13. Nxa5 Rxa5 14. Qd2 b6 15. Rac1 d6 16. Rfd1 Ng6 17. Bg3 h5 18. h3 h4 19. Bh2 Rg5 20. Kh1 Bb7 21. f3 f5 22. Re1 Re8 23. Bd3 Ne5 24. Bf1 Nxf3 25. Qc2 Be4 26. Qxa4 Nxe1 27. Rxe1 c6 28. Bf4 Rg6 29. Qb4 Qc7 30. Qb3 c5 31. Qc3 Qc6 32. Qd2 Rd8 33. Kh2 Kh8 34. Rd1 d5 35. Qf2 Kg8 36. Qxh4 d4 37. Qxd8+ Kh7 38. Qh4+ Kg8 39. Qd8+ Kh7 40. Qh4+ Kg8 41. Rd2 Qe8 42. Qf2 Re6 43. exd4 cxd4 44. Qxd4 Qg6 45. c5 Re8 46. cxb6 Qc6 47. Qc4+ Kh7 0-1

[Event "January 9 Late 2024"]
[Site "https://www.chess.com"]
[Date "2024.01.09"]
[Round "6"]
[White "Avramidou, Anastasia"]
[Black "Melamed, Daniel"]
[Result "1-0"]
[Board "137"]
[TimeControl "180+1"]
[WhiteFideId "4239873"]
[BlackFideId "3229076"]
[WhiteElo "2516"]
[BlackElo "2337"]
[WhiteTeam "GRE"]
[BlackTeam "AUS"]
[WhiteClock "0:00:09"]
[BlackClock "0:00:05"]

1. c4 Nf6 2. Nc3 e6 3. e4 d5 4. cxd5 exd5 5. e5 d4 6. exf6 dxc3 7. bxc3 Qxf6 8. Nf3 Bg4 9. Qa4+ Bd7 10. Qe4+ Qe7 11. Bd3 Qxe4+ 12. Bxe4 Bc6 13. Bxc6+ Nxc6 14. d4 Bd6 15. O-O O-O 16. Rb1 b6 17. c4 Na5 18. c5 bxc5 19. dxc5 Bxc5 20. Bf4 Bb6 21. Rfc1 c6 22. Bd2 Rfe8 23. Kf1 Rad8 24. Bxa5 Bxa5 25. Rxc6 Bb6 26. Rc2 Rc8 27. Rbc1 Rxc2 28. Rxc2 g6 29. Nd2 h5 30. Nc4 Bc5 31. Na5 Bb4 32. g4 Bxa5 33. gxh5 Re1+ 34. Kg2 gxh5 35. a4 Bb6 36. Ra2 Re5 37. Kg3 Rf5 38. f3 Kg7 39. Rc2 Ra5 40. Rc4 Kg6 41. h4 Rc5 42. Rb4 Rd5 43. Rb2 Rd3 44. Ra2 Ba5 45. Rc2 Be1+ 46. Kf4 Bxh4 47. Rc6+ Bf6 48. Ra6 Rd4+ 49. Ke3 Rd7 50. f4 Kf5 51. Ra5+ Kg4 52. Ra6 Bg7 53. Ra5 h4 54. Rg5+ Kh3 55. Rxg7 Kh2 56. Kf3 h3 57. f5 Kh1 58. f6 h2 59. Kf2 a5 60. Rg5 Rd6 61. Rf5 Rd2+ 62. Kf1 Ra2 63. Rxa5 Ra1+ 64. Kf2 Ra2+ 65. Kf1 Ra3 66. Kf2 Rd3 67. Rb5 Rd6 68. Rb1+ 1-0

[Event "January 9 Late 2024"]
[Site "https://www.chess.com"]
[Date "2024.01.10"]
[Round "6"]
[White "Espinoza Palomino, Willyam"]
[Black "Jazdanovs, Aleksandrs"]
[Result "1-0"]
[Board "138"]
[TimeControl "180+1"]
[WhiteFideId "3804852"]
[BlackFideId "11604492"]
[WhiteElo "2516"]
[BlackElo "2328"]
[WhiteTeam "PER"]
[BlackTeam "LAT"]
[WhiteClock "0:01:52"]
[BlackClock "0:01:42"]

1. e4 c5 2. Nf3 d6 3. d4 cxd4 4. Nxd4 Nf6 5. Nc3 a6 6. h3 e5 7. Nde2 h5 8. g3 Be7 9. Bg2 Nbd7 10. a4 O-O 11. O-O b6 12. Be3 Bb7 13. f4 exf4 14. Nxf4 Nc5 15. Nxh5 Re8 16. Bd4 Nxh5 17. Qxh5 g6 18. Qh8# 1-0

[Event "January 9 Late 2024"]
[Site "https://www.chess.com"]
[Date "2024.01.09"]
[Round "6"]
[White "Lemos, Dawton Almino"]
[Black "Soderstrom, Adrian"]
[Result "1-0"]
[Board "139"]
[TimeControl "180+1"]
[WhiteFideId "2146797"]
[BlackFideId "1745786"]
[WhiteElo "2322"]
[BlackElo "2511"]
[WhiteTeam "BRA"]
[BlackTeam "SWE"]
[WhiteClock "0:00:12"]
[BlackClock "0:00:23"]

1. Nf3 g5 2. Nxg5 e5 3. Nf3 e4 4. Nd4 c5 5. Nb3 a5 6. a4 d5 7. d3 exd3 8. cxd3 Ra6 9. Nc3 Rg6 10. e4 d4 11. Nd5 Ne7 12. Nf4 Rgg8 13. Nxc5 Nec6 14. Nb3 Qc7 15. Bd2 Bb4 16. Nd5 Qd6 17. Nxb4 Nxb4 18. Rc1 Be6 19. Nc5 N8c6 20. Nxe6 Qxe6 21. Qf3 Rg6 22. Bxb4 Nxb4 23. Be2 O-O 24. O-O Kh8 25. Kh1 Nc6 26. Qf5 Rf6 27. Qxe6 fxe6 28. f3 e5 29. Rc5 Kg7 30. Rfc1 Kf7 31. Rb5 Rb8 32. Bd1 Ke7 33. Bb3 Kd7 34. Bd5 Na7 35. Rbc5 Rc8 36. Rxc8 Nxc8 37. Bxb7 Nb6 38. Ba6 Kd8 39. Bb5 Nc8 40. Kg1 Na7 41. Bc4 Rb6 42. b3 Nc6 43. Kf2 Ke7 44. Ke2 Kd6 45. Kd2 Nb4 46. Bb5 Rb8 47. Rc4 Rg8 48. g3 h5 49. Rc1 h4 50. Rg1 hxg3 51. hxg3 Rh8 52. Rg2 Rh1 53. Bc4 Ra1 54. Ke2 Ra2+ 55. Kf1 Nc2 56. Re2 Ne3+ 57. Kf2 Ra1 58. Re1 Ra2+ 59. Re2 Ra3 60. f4 Ra1 61. Kf3 Rf1+ 62. Rf2 Rh1 63. fxe5+ Kxe5 64. g4 Rh3+ 65. Ke2 Nxg4 66. Rf5+ Kd6 67. Rxa5 Ne3 68. Ra6+ Kc5 69. Ra5+ Kb4 70. Rb5+ Kc3 71. a5 Rh2+ 72. Kf3 Rh3+ 73. Kf4 Rh4+ 74. Ke5 Rh5+ 75. Kd6 Rh6+ 76. Kc5 Rh5+ 77. Kb6 Rh6+ 78. Ka7 Rh7+ 79. Rb7 Rh5 80. Ba6 Rxa5 81. Rc7+ Kd2 82. Kb6 Ra3 83. Bc4 Nxc4+ 84. dxc4 Rxb3+ 85. Kc5 d3 86. Rd7 Ke3 87. e5 d2 88. e6 Rd3 89. Rxd3+ Kxd3 90. e7 d1=Q 91. e8=Q Kc3 92. Qe3+ Kc2 93. Qd4 Qh5+ 94. Qd5 Qe8 95. Kd4 Qh8+ 96. Kc5 Qc8+ 97. Kd6 Qd8+ 98. Kc6 Qa8+ 99. Kb5 Qb8+ 100. Kc5 Qa7+ 101. Kd6 Qb6+ 102. Ke5 Qc7+ 103. Kd4 Qg7+ 104. Qe5 Qa7+ 105. c5 Kb3 106. Qd5+ Kc2 107. Qc4+ Kd2 108. Qd3+ Kc1 109. Qc3+ Kd1 110. Qf3+ Kd2 111. Qd5 Qg7+ 112. Kc4+ Kc2 113. Qd3+ Kb2 114. Qd4+ Qxd4+ 115. Kxd4 Kb3 116. c6 Kb4 117. c7 Kb5 118. c8=Q Kb6 119. Qc5+ Ka6 120. Qb4 Ka7 121. Kc5 Ka6 122. Qb6# 1-0

[Event "January 9 Late 2024"]
[Site "https://www.chess.com"]
[Date "2024.01.09"]
[Round "6"]
[White "Ardila, Oscar Humberto"]
[Black "Martins, Bruno Andre Leite"]
[Result "0-1"]
[Board "140"]
[TimeControl "180+1"]
[WhiteFideId "4404742"]
[BlackFideId "1942255"]
[WhiteElo "2318"]
[BlackElo "2508"]
[WhiteTeam "COL"]
[BlackTeam "POR"]
[WhiteClock "0:01:57"]
[BlackClock "0:02:16"]

1. d4 Nf6 2. Nf3 e6 3. c4 b6 4. Qc2 Bb7 5. Bg5 Bb4+ 6. Nbd2 h6 7. Bxf6 Qxf6 8. a3 Bxd2+ 9. Qxd2 d6 10. Qc3 O-O 11. g3 Bxf3 12. exf3 Nc6 13. Rd1 e5 14. d5 Nd4 15. Bg2 c5 16. dxc6 Rac8 17. O-O Ne2+ 18. Kh1 Nxc3 19. bxc3 Rxc6 0-1

[Event "January 9 Late 2024"]
[Site "https://www.chess.com"]
[Date "2024.01.09"]
[Round "6"]
[White "Benedetti, Julio"]
[Black "Da Matta, Eduardo Cesar"]
[Result "1-0"]
[Board "141"]
[TimeControl "180+1"]
[WhiteFideId "172545"]
[BlackFideId "2193108"]
[WhiteElo "2504"]
[BlackElo "2312"]
[WhiteTeam "ARG"]
[BlackTeam "BRA"]
[WhiteClock "0:00:19"]
[BlackClock "0:00:02"]

1. e4 c5 2. Nc3 e6 3. Bc4 Nf6 4. d3 a6 5. a4 d5 6. Ba2 Be7 7. f4 dxe4 8. Nxe4 Nxe4 9. dxe4 Qxd1+ 10. Kxd1 O-O 11. Nf3 Nc6 12. Be3 Rd8+ 13. Ke2 b6 14. Rhd1 Bb7 15. c3 b5 16. Rxd8+ Rxd8 17. axb5 axb5 18. Bb3 Ra8 19. Rd1 Na5 20. Bc2 Bc6 21. Ne5 Be8 22. Ra1 f6 23. Nd3 c4 24. Nb4 Bd8 25. g4 Rc8 26. Kf3 Nc6 27. Nxc6 Bxc6 28. Ra6 Bb7 29. Rxe6 Kf7 30. Rd6 Be7 31. Rd7 Bc6 32. Ra7 Rd8 33. Bd4 g6 34. Ke3 Bd7 35. h3 h5 36. gxh5 gxh5 37. Bd1 h4 38. f5 Bc6 39. Bh5+ Kf8 40. Rc7 Bd7 41. Bg6 Bd6 42. Rb7 Be7 43. e5 fxe5 44. Bxe5 Bc5+ 45. Kf4 Bc6 46. Rf7+ Kg8 47. Rg7+ Kf8 48. Rh7 Rd1 49. Bg7+ Ke7 50. f6+ Kd7 51. Bf8+ Ke6 52. Bxc5 Kxf6 53. Bh5 Rf1+ 54. Ke3 Rh1 55. Bg4 1-0

[Event "January 9 Late 2024"]
[Site "https://www.chess.com"]
[Date "2024.01.09"]
[Round "6"]
[White "Sarkar, Justin"]
[Black "Petre, Nad-Titus"]
[Result "1-0"]
[Board "142"]
[TimeControl "180+1"]
[WhiteFideId "2010011"]
[BlackFideId "1204165"]
[WhiteElo "2312"]
[BlackElo "2502"]
[WhiteTeam "USA"]
[BlackTeam "ROU"]
[WhiteClock "0:01:55"]
[BlackClock "0:02:15"]

1. e4 g6 2. d4 c6 3. c4 d5 4. cxd5 cxd5 5. e5 a6 6. Nc3 Nc6 7. f4 Bg4 8. Qxg4 Nxd4 9. Qd1 Nf5 10. Qa4+ b5 11. Nxb5 f6 12. Nd6# 1-0

[Event "January 9 Late 2024"]
[Site "https://www.chess.com"]
[Date "2024.01.09"]
[Round "6"]
[White "Mizzi, Jack"]
[Black "Diaz, Fernando"]
[Result "0-1"]
[Board "143"]
[TimeControl "180+1"]
[WhiteFideId "5602521"]
[BlackFideId "3701255"]
[WhiteElo "2499"]
[BlackElo "2309"]
[WhiteTeam "MLT"]
[BlackTeam "PAR"]
[WhiteClock "0:00:02"]
[BlackClock "0:00:21"]

1. d4 e5 2. dxe5 d6 3. Nf3 Nc6 4. Nc3 Bg4 5. e4 dxe5 6. Be3 Nf6 7. Bb5 Bb4 8. h3 Bd7 9. Qd3 Qe7 10. Bd2 O-O-O 11. Nd5 Nxd5 12. exd5 e4 13. Qe3 Bc5 14. dxc6 Bxc6 15. Qg5 Bxb5 16. Qxe7 Bxe7 17. Ng5 Rxd2 18. Kxd2 Bxg5+ 19. Kc3 f5 20. a4 Bd7 21. Rad1 Be6 22. Kd4 Bf6+ 23. Ke3 Bxb2 24. Kf4 Bf6 25. g4 g5+ 26. Ke3 fxg4 27. hxg4 Bxg4 28. Rd5 Bf3 29. Rh6 Bb2 30. Rxg5 Bc1+ 31. Kd4 Bxg5 0-1

[Event "January 9 Late 2024"]
[Site "https://www.chess.com"]
[Date "2024.01.10"]
[Round "6"]
[White "Kargosha, Bahman"]
[Black "Mullodzhanov, Nathaniel"]
[Result "0-1"]
[Board "144"]
[TimeControl "180+1"]
[WhiteFideId "12503452"]
[BlackFideId "30961580"]
[WhiteElo "2306"]
[BlackElo "2498"]
[WhiteTeam "AUS"]
[BlackTeam "USA"]
[WhiteClock "0:01:04"]
[BlackClock "0:01:52"]

1. d4 Nf6 2. c4 g6 3. Nc3 Bg7 4. e4 d6 5. Nf3 O-O 6. h3 c5 7. d5 e6 8. Bd3 exd5 9. exd5 Nbd7 10. O-O Re8 11. Bf4 Ne5 12. Be2 Nh5 13. Bh2 Nxf3+ 14. Bxf3 Bxc3 15. bxc3 Ng7 16. Re1 b6 17. Qd2 Ba6 18. Qh6 Qf6 19. Qf4 Qxc3 20. Rxe8+ Rxe8 21. Qc1 Qxc1+ 22. Rxc1 Bxc4 23. Bxd6 Bxa2 24. Bc7 Nf5 25. d6 Be6 26. Bc6 Rc8 27. Bb7 Re8 28. Bc6 Rc8 29. Bb7 Rf8 30. Bc6 Nd4 31. Ba4 Ne2+ 0-1

[Event "January 9 Late 2024"]
[Site "https://www.chess.com"]
[Date "2024.01.09"]
[Round "6"]
[White "Pourkashiyan, Atousa"]
[Black "Kostiukov, Alexandr"]
[Result "1-0"]
[Board "145"]
[TimeControl "180+1"]
[WhiteFideId "12502014"]
[BlackFideId "14108100"]
[WhiteElo "2493"]
[BlackElo "2300"]
[WhiteTeam "USA"]
[BlackTeam "UKR"]
[WhiteClock "0:00:12"]
[BlackClock "0:00:00"]

1. d4 g6 2. c4 Bg7 3. Nc3 d6 4. e4 e5 5. dxe5 dxe5 6. Qxd8+ Kxd8 7. Nf3 f6 8. Be3 Nd7 9. O-O-O Bh6 10. Bxh6 Nxh6 11. h3 c6 12. g4 Nf7 13. h4 h5 14. Bh3 Ke7 15. gxh5 gxh5 16. Rhg1 Nc5 17. Bf5 Be6 18. b4 Na6 19. Bxe6 Kxe6 20. a3 Rhg8 21. Kc2 Nc7 22. Na4 b6 23. Nc3 Ke7 24. a4 Ne6 25. b5 cxb5 26. Nd5+ Kf8 27. Rxg8+ Kxg8 28. axb5 Nc5 29. Nxf6+ Kf8 30. Nd7+ Nxd7 31. Rxd7 a6 32. Rb7 axb5 33. cxb5 Ra2+ 34. Kd3 Rxf2 35. Ke3 Rb2 36. Rxb6 Ke7 37. Rb7+ Ke6 38. Rb8 Rb3+ 39. Ke2 Nd6 40. Ng5+ Kd7 41. b6 Kc6 42. Rh8 Rb2+ 43. Kd3 Rb3+ 44. Kc2 Rxb6 45. Rxh5 1-0

[Event "January 9 Late 2024"]
[Site "https://www.chess.com"]
[Date "2024.01.09"]
[Round "6"]
[White "Goncalves, Davi Sulzbacher"]
[Black "Liu, Kelsey"]
[Result "0-1"]
[Board "146"]
[TimeControl "180+1"]
[WhiteFideId "2154510"]
[BlackFideId "30944481"]
[WhiteElo "2492"]
[BlackElo "2275"]
[WhiteTeam "BRA"]
[BlackTeam "USA"]
[WhiteClock "0:00:00"]
[BlackClock "0:00:06"]

1. e4 c5 2. Nf3 d6 3. d4 cxd4 4. Nxd4 Nf6 5. Nc3 a6 6. Be2 e5 7. Nb3 Be6 8. O-O Be7 9. Be3 O-O 10. a4 Nc6 11. Nd5 Nxe4 12. Bb6 Qd7 13. Nc7 Rac8 14. Nxe6 Qxe6 15. f4 Nc5 16. f5 Qh6 17. Bc4 Bg5 18. Rf3 Ne7 19. Nxc5 dxc5 20. a5 Be3+ 21. Kh1 Bf4 22. g3 Bg5 23. Qd7 Nc6 24. c3 Rb8 25. Re1 Qf6 26. Re4 Qh6 27. Kg2 Bd8 28. h4 Bxb6 29. axb6 Rfd8 30. Qe7 Nxe7 0-1

[Event "January 9 Late 2024"]
[Site "https://www.chess.com"]
[Date "2024.01.09"]
[Round "6"]
[White "Murtazin, Bulat"]
[Black "Eggleston, Thomas A"]
[Result "1-0"]
[Board "147"]
[TimeControl "180+1"]
[WhiteFideId "24151351"]
[BlackFideId "412139"]
[WhiteElo "2483"]
[BlackElo "2265"]
[WhiteTeam "RUS"]
[BlackTeam "ENG"]
[WhiteClock "0:00:15"]
[BlackClock "0:00:00"]

1. e4 e6 2. Nf3 d5 3. Nc3 Nf6 4. e5 Nfd7 5. d4 c5 6. dxc5 Nc6 7. Bf4 Bxc5 8. Bd3 f6 9. exf6 Nxf6 10. Qd2 O-O 11. O-O-O Bb4 12. a3 Ba5 13. b4 Nxb4 14. axb4 Bxb4 15. Kb2 Kh8 16. Be5 Nd7 17. Bd4 Nf6 18. Ra1 Bd7 19. Ne5 a5 20. Qg5 Qe7 21. Nxd7 Qxd7 22. Nb5 Ne4 23. Qh4 Rae8 24. f3 e5 25. Bb6 Rf4 26. Qh3 Qxh3 27. gxh3 Nf2 28. Bxf2 Rxf3 29. Bg3 e4 30. Be2 Rf7 31. Rhf1 Rd7 32. c3 Bc5 33. Rad1 h6 34. Bh5 Red8 35. Bg6 Be7 36. Rf7 Bf6 37. Rxd7 Rxd7 38. Bxe4 Re7 39. Bxd5 Re2+ 40. Kb3 a4+ 41. Kxa4 Rb2 42. Be4 Kg8 43. Bg6 Kf8 44. Bd6+ Kg8 45. Be5 Kf8 46. Bxf6 gxf6 47. Rd7 Kg8 48. h4 Rxh2 49. h5 Rh4+ 50. Ka5 1-0

[Event "January 9 Late 2024"]
[Site "https://www.chess.com"]
[Date "2024.01.09"]
[Round "6"]
[White "Jose Iraeta, Alejandro"]
[Black "Novikov, Evgenij"]
[Result "0-1"]
[Board "148"]
[TimeControl "180+1"]
[WhiteFideId "2226537"]
[BlackFideId "4125380"]
[WhiteElo "2245"]
[BlackElo "2480"]
[WhiteTeam "ESP"]
[BlackTeam "RUS"]
[WhiteClock "0:00:00"]
[BlackClock "0:00:38"]

1. e4 e5 2. Nf3 d5 3. Nxe5 Bd6 4. d4 dxe4 5. Bc4 Bxe5 6. Qh5 Qe7 7. Qxe5 Qxe5 8. dxe5 Nc6 9. Nc3 Nxe5 10. Bd5 Nf6 11. Bf4 Ng6 12. Bxc7 O-O 13. O-O-O Nxd5 14. Nxd5 Be6 15. Nc3 Rac8 16. Bd6 Rfe8 17. Rhe1 f5 18. f3 exf3 19. gxf3 Nh4 20. Re3 g5 21. Rg1 h6 22. f4 g4 23. h3 Kh7 24. hxg4 fxg4 25. Ne4 Kg6 26. Be5 Bf5 27. c3 Bxe4 28. Rxe4 h5 29. Rd4 Nf5 30. Rd7 Re7 31. Rgd1 Rce8 32. Rd8 g3 33. Rxe8 Rxe8 34. Kd2 Rd8+ 35. Ke2 Rxd1 36. Kxd1 g2 0-1

[Event "January 9 Late 2024"]
[Site "https://www.chess.com"]
[Date "2024.01.09"]
[Round "6"]
[White "Svicevic, Rastko"]
[Black "D`Arruda, Ricardo D."]
[Result "1-0"]
[Board "149"]
[TimeControl "180+1"]
[WhiteFideId "916315"]
[BlackFideId "100692"]
[WhiteElo "2239"]
[BlackElo "2477"]
[WhiteTeam "SRB"]
[BlackTeam "ARG"]
[WhiteClock "0:00:03"]
[BlackClock "0:00:04"]

1. d4 Nf6 2. Bg5 c6 3. Bxf6 exf6 4. g3 d5 5. e3 g6 6. Bg2 Bg7 7. Ne2 Nd7 8. b3 f5 9. c4 Nf6 10. Nbc3 Be6 11. Qd3 Ne4 12. cxd5 cxd5 13. Qb5+ Qd7 14. Qxd7+ Kxd7 15. f3 Nxc3 16. Nxc3 Rhc8 17. Kd2 Bf8 18. a3 Rc6 19. Rhc1 Rac8 20. f4 a6 21. Nxd5 Rxc1 22. Nf6+ Ke7 23. Rxc1 Rxc1 24. Ng8+ Kd8 25. Kxc1 Bxa3+ 26. Kc2 Kc7 27. Nf6 h5 28. Nd5+ Kb8 29. Nb6 Kc7 30. Nd5+ Kd6 31. Nb6 Kc7 32. Nc4 Bb4 33. d5 Bc8 34. Ne5 Bc5 35. Kd3 b5 36. Nxf7 a5 37. Ne5 a4 38. bxa4 bxa4 39. Nxg6 a3 40. Kc3 Bxe3 41. Kb3 Bc5 42. Ne5 Ba6 43. Bf3 h4 44. gxh4 Be3 45. Ng6 Bb5 46. Kxa3 Be8 47. h5 Kd6 48. Kb3 Bxg6 49. hxg6 Ke7 50. d6+ Kf6 51. d7 Bb6 52. Bh5 Bd8 53. Kc4 Kg7 54. Kd5 Kh6 55. Bf3 Bf6 56. Ke6 Kxg6 57. h3 Bd8 58. Be2 Bh4 59. Bd3 Kh5 60. Bxf5 Bd8 61. Bg4+ Kh4 62. f5 Kg5 63. Bf3 Kf4 64. Bg2 Kg3 65. Bf1 Kf2 66. f6 Kxf1 67. f7 1-0

[Event "January 9 Late 2024"]
[Site "https://www.chess.com"]
[Date "2024.01.09"]
[Round "6"]
[White "Czerw, Dawid"]
[Black "Abdi, Farzad"]
[Result "1/2-1/2"]
[Board "150"]
[TimeControl "180+1"]
[WhiteFideId "1145746"]
[BlackFideId "2076829"]
[WhiteElo "2473"]
[BlackElo "2222"]
[WhiteTeam "POL"]
[BlackTeam "USA"]
[WhiteClock "0:00:06"]
[BlackClock "0:00:29"]

1. e4 e5 2. Nf3 Nc6 3. c3 Nf6 4. d4 exd4 5. e5 Nd5 6. cxd4 Bb4+ 7. Bd2 d6 8. Bb5 Bg4 9. Qc2 Bxd2+ 10. Nbxd2 Nb4 11. Qa4 a6 12. Qxb4 axb5 13. Qxb5 Bxf3 14. Nxf3 dxe5 15. dxe5 Ra5 16. Qxb7 Nxe5 17. O-O Nxf3+ 18. Qxf3 O-O 19. a4 Qd2 20. b3 Rb8 21. Rfd1 Qb4 22. Rac1 g6 23. Rxc7 Qxb3 24. Rc8+ Kg7 25. Rxb8 Qxb8 26. Qc3+ Qe5 27. Qxe5+ Rxe5 28. Kf1 Ra5 29. Ra1 Kf6 30. Ke2 Ke5 31. Kd3 Kd5 32. Kc3 Kc5 33. Kb3 f5 34. Re1 Kd4 35. Re7 Kd3 36. Kb4 Ra8 37. a5 Rb8+ 38. Ka4 Rb1 39. Re3+ Kd2 40. a6 Rb8 41. Ka5 f4 42. Rh3 Ke2 43. Rf3 g5 44. h4 h6 45. hxg5 hxg5 46. a7 Rf8 47. Ka6 Kf1 48. g3 Kg2 49. Ra3 Kxf2 50. gxf4 gxf4 51. Rb3 Ra8 52. Kb7 Rxa7+ 53. Kxa7 f3 54. Kb6 Ke2 55. Kc5 f2 56. Rb2+ Ke1 57. Rb1+ Kd2 58. Rb2+ Ke1 59. Kd4 f1=Q 60. Rb1+ Kf2 61. Rxf1+ Kxf1 1/2-1/2

[Event "January 9 Late 2024"]
[Site "https://www.chess.com"]
[Date "2024.01.09"]
[Round "6"]
[White "Nikologorsky, Matfei"]
[Black "Ferrufino, Boris"]
[Result "0-1"]
[Board "151"]
[TimeControl "180+1"]
[WhiteFideId "24102474"]
[BlackFideId "3300170"]
[WhiteElo "2465"]
[BlackElo "2198"]
[WhiteTeam "FID"]
[BlackTeam "BOL"]
[WhiteClock "0:00:00"]
[BlackClock "0:00:50"]

1. e4 c5 2. Nf3 d6 3. d4 cxd4 4. Nxd4 Nf6 5. Nc3 g6 6. Be3 Bg7 7. f3 Nc6 8. Qd2 O-O 9. O-O-O d5 10. exd5 Nxd5 11. Nxc6 bxc6 12. Bd4 e5 13. Bc5 Be6 14. Ne4 Re8 15. Bc4 Qc7 16. Bb3 Red8 17. Kb1 a5 18. a3 Rab8 19. Ka1 h6 20. Bd6 Rxd6 21. Nxd6 Qxd6 22. Qxa5 e4 23. fxe4 Qe5 24. Rb1 Qxe4 25. Qa7 Rxb3 26. cxb3 Ne3 27. Qb8+ Kh7 28. Ka2 Nc2 29. Rhd1 c5 30. Rbc1 c4 31. bxc4 Bxc4+ 32. b3 Be6 33. Qg3 Ne3 34. Rd2 Nf5 35. Qd3 Qe5 36. g4 Nd4 37. Qxd4 Qxd4 38. Rxd4 Bxd4 39. h3 h5 40. a4 hxg4 41. hxg4 f5 42. gxf5 gxf5 43. a5 f4 44. a6 f3 45. Rc4 Bg1 46. Rf4 Bd5 47. Ka3 Kh6 48. b4 Kg5 49. Rf8 Be3 50. Ka4 Bf4 51. Rd8 Be4 0-1

[Event "January 9 Late 2024"]
[Site "https://www.chess.com"]
[Date "2024.01.09"]
[Round "6"]
[White "Bochnicka, Vladimir"]
[Black "Glashausser, Sho"]
[Result "1-0"]
[Board "152"]
[TimeControl "180+1"]
[WhiteFideId "14943450"]
[BlackFideId "30908329"]
[WhiteElo "2459"]
[BlackElo "2191"]
[WhiteTeam "SVK"]
[BlackTeam "USA"]
[WhiteClock "0:01:22"]
[BlackClock "0:00:00"]

1. e4 c6 2. d4 d5 3. e5 Bf5 4. h4 h5 5. c4 e6 6. Nc3 Nd7 7. cxd5 cxd5 8. Bd3 Bxd3 9. Qxd3 Ne7 10. Nf3 Nc6 11. O-O Be7 12. g3 Nb6 13. Bg5 Rc8 14. a3 a6 15. Rac1 Nc4 16. Qe2 Qb6 17. Bxe7 Kxe7 18. Rfd1 Qxb2 19. Rb1 Qxc3 20. Rxb7+ Ke8 21. Rd3 Qc1+ 22. Kg2 g6 23. Ng5 Ne7 24. Nxf7 Kxf7 25. Qf3+ Ke8 26. Qf6 Rh7 27. Rf3 1-0

[Event "January 9 Late 2024"]
[Site "https://www.chess.com"]
[Date "2024.01.09"]
[Round "6"]
[White "Peycheva, Gergana"]
[Black "Tqebuchava, Zurab"]
[Result "1-0"]
[Board "153"]
[TimeControl "180+1"]
[WhiteFideId "2916711"]
[BlackFideId "13601113"]
[WhiteElo "2445"]
[BlackElo "2190"]
[WhiteTeam "BUL"]
[BlackTeam "GEO"]
[WhiteClock "0:00:32"]
[BlackClock "0:00:00"]

1. d4 d5 2. c4 c6 3. e3 Nf6 4. Nc3 e6 5. Nf3 Be7 6. b3 b6 7. Bb2 Bb7 8. Be2 O-O 9. O-O Nbd7 10. Qc2 dxc4 11. bxc4 c5 12. Rfd1 Rc8 13. dxc5 Bxc5 14. Ne5 Qe7 15. Nxd7 Nxd7 16. Ne4 Bxe4 17. Qxe4 Nf6 18. Qh4 Rfd8 19. Bd3 h6 20. a3 Nh7 21. Qe4 Nf8 22. Qg4 Qg5 23. Qe4 Rd7 24. h4 Qf5 25. Qxf5 exf5 26. Bxf5 Rxd1+ 27. Rxd1 Be7 28. Bxc8 1-0

[Event "January 9 Late 2024"]
[Site "https://www.chess.com"]
[Date "2024.01.09"]
[Round "6"]
[White "Ottosen, David"]
[Black "Toktomushev, Teimur"]
[Result "1-0"]
[Board "154"]
[TimeControl "180+1"]
[WhiteFideId "2603080"]
[BlackFideId "14176726"]
[WhiteElo "2157"]
[BlackElo "2443"]
[WhiteTeam "CAN"]
[BlackTeam "UKR"]
[WhiteClock "0:00:56"]
[BlackClock "0:00:07"]

1. e4 c5 2. Nf3 e6 3. d4 cxd4 4. Nxd4 a6 5. Bd3 Bc5 6. Nb3 Ba7 7. O-O Ne7 8. Nc3 O-O 9. Re1 Nbc6 10. Qh5 Ng6 11. e5 d6 12. exd6 Qxd6 13. Ne4 Qc7 14. Ng5 h6 15. Nf3 Nf4 16. Bxf4 Qxf4 17. Re4 Qf6 18. Rae1 e5 19. R4e2 Re8 20. Nbd2 Qf4 21. Re4 Qf6 22. h3 Bf5 23. R4e2 Bxd3 24. cxd3 Rad8 25. Ne4 Qe6 26. Nh4 Rxd3 27. Nf5 Nd4 28. Neg3 Nxe2+ 29. Rxe2 Rc8 30. Qg4 Rc1+ 31. Kh2 Rdd1 32. Qxg7# 1-0

[Event "January 9 Late 2024"]
[Site "https://www.chess.com"]
[Date "2024.01.09"]
[Round "6"]
[White "Joie, Sebastien"]
[Black "Aung Thant Zin"]
[Result "1-0"]
[Board "155"]
[TimeControl "180+1"]
[WhiteFideId "650420"]
[BlackFideId "13000063"]
[WhiteElo "2442"]
[BlackElo "2154"]
[WhiteTeam "FRA"]
[BlackTeam "MYA"]
[WhiteClock "0:00:06"]
[BlackClock "0:00:00"]

1. d4 Nf6 2. c4 e6 3. Nc3 Bb4 4. Qc2 c5 5. e3 O-O 6. Nf3 b6 7. a3 Bxc3+ 8. Qxc3 Bb7 9. Be2 d6 10. O-O Nbd7 11. Rd1 Qe7 12. b4 Rac8 13. Bb2 Ne4 14. Qc2 Ndf6 15. Bd3 d5 16. dxc5 bxc5 17. b5 Rfd8 18. Rac1 h6 19. Qa4 Ba8 20. Ne5 dxc4 21. Nxc4 Qc7 22. Be5 Qe7 23. Na5 Nxf2 24. Kxf2 Ng4+ 25. Qxg4 f6 26. Bg3 e5 27. Bf5 Rc7 28. Qg6 Qf7 29. Rxd8+ 1-0